 Dungeon Crawl Stone Soup version 0.23.2 (webtiles) character file.

Game seed: 15801605756596884186

23 Goblin1989 the Skirmisher (level 2, -3/24 HPs)
             Began as a Demonspawn Wanderer on Apr 12, 2019.
             Slain by a worm (9 damage)
             ... on level 2 of the Dungeon.
             The game lasted 00:01:51 (1900 turns).

Goblin1989 the Skirmisher (Demonspawn Wanderer)     Turns: 1900, Time: 00:01:52

Health: -3/24      AC:  3    Str: 10    XL:     2   Next: 75%
Magic:  2/2        EV: 10    Int: 14    God:
Gold:   7          SH:  4    Dex: 13    Spells: 1/1 levels left

rFire    . . .     SeeInvis .   a - +0 dagger
rCold    . . .     Gourm    .   d - +0 buckler
rNeg     . . .     Faith    .   g - +0 robe
rPois    .         Spirit   .   (no helmet)
rElec    .         Reflect  .   (no cloak)
rCorr    .         Harm     .   (no gloves)
MR       .....                  I - +0 pair of boots (curse)
Stlth    ++........             (no amulet)
HPRegen  0.08/turn              (no ring)
MPRegen  0.08/turn              (no ring)

@: no status effects
A: rot immunity
a: no special abilities


You were on level 2 of the Dungeon.
You were not hungry.

You visited 1 branch of the dungeon, and saw 2 of its levels.

You collected 7 gold pieces.

Inventory:

Hand Weapons
 a - a +0 dagger (weapon)
Armour
 d - a +0 buckler (worn)
 g - a +0 robe (worn)
 I - a cursed +0 pair of boots (worn)
Jewellery
 D - an uncursed ring of magical power {unknown}
 G - a cursed ring of attention {unknown}
Scrolls
 B - 2 scrolls of blinking
 F - a scroll of enchant weapon {unknown}
 H - a scroll of fog {unknown}
Potions
 b - 2 potions of haste {@q3,}
 c - 3 potions of curing {@q1}
 C - 2 potions of heal wounds {unknown}
 K - a potion of flight {unknown}
Comestibles
 e - 3 rations
 J - 9 chunks of flesh


   Skills:
 + Level 3.3 Fighting
   Level 1.7 Staves
 - Level 1.0 Throwing
 - Level 1.7 Stealth
 - Level 1.0 Shields
 - Level 1.7 Unarmed Combat


You had one spell level left.
You didn't know any spells.
Your spell library was empty.

Dungeon Overview and Level Annotations

Branches:
Dungeon (2/15)

Altars:


Innate Abilities, Weirdness & Mutations

You are immune to rotting.


Message History

Unknown command.
No target in view!
You butcher the hobgoblin corpse.
J - 5 chunks of flesh (gained 3)
Things that are here:
a +0 club; a hobgoblin skeleton
Things that are here:
a +0 club; a hobgoblin skeleton You butcher the bat corpse.
J - 6 chunks of flesh (gained 1)
You see here a bat skeleton. x2
A goblin comes into view.
The goblin shouts!
You hit the goblin.
You kill the goblin!
No target in view!
No target in view!
No target in view!
No target in view!
No target in view!
No target in view!
No target in view!
No target in view!
No target in view!
No target in view!
No target in view!
No target in view!
No target in view!
No target in view!
No target in view!
No target in view!
You butcher the goblin corpse.
J - 9 chunks of flesh (gained 3)
You see here a goblin skeleton. x2
You see here a mace.
A worm comes into view.
A goblin comes into view.
There are monsters nearby!
The goblin shouts!
You hit the worm.
The worm is lightly wounded.
The worm closely misses you.
You hit the worm but do no damage. You hit the worm but do no damage.
The worm closely misses you. The goblin hits you but does no damage.
You hit the worm.
The worm is lightly wounded.
You block the goblin's attack. The worm closely misses you.
You barely miss the worm. The goblin hits you.
You take 2 damage, and have 22/24 hp.
You hit the worm.
The worm is lightly wounded.
The goblin hits you. The worm bites you!
* * * LOW HITPOINT WARNING * * *
You are too injured to fight recklessly!
You take 12 damage, and have 10/24 hp.
MASSIVE DAMAGE!!
You are too injured to fight recklessly!
You are too injured to fight recklessly!
You are too injured to fight recklessly!
You are too injured to fight recklessly!
You are too injured to fight recklessly!
You are too injured to fight recklessly!
You are too injured to fight recklessly!
You are too injured to fight recklessly!
You are too injured to fight recklessly!
You are too injured to fight recklessly!
You are too injured to fight recklessly!
You are too injured to fight recklessly!
You are too injured to fight recklessly!
You are too injured to fight recklessly!
You are too injured to fight recklessly!
You are too injured to fight recklessly!
You are too injured to fight recklessly!
You are too injured to fight recklessly!
You are too injured to fight recklessly!
You are too injured to fight recklessly!
You barely miss the goblin. You block the goblin's attack.
You hit the goblin.
The goblin is heavily wounded.
You block the goblin's attack.
You miss the goblin.
The goblin is heavily wounded.
You block the goblin's attack.
You hit the goblin.
You kill the goblin!
You hit the worm.
The worm is lightly wounded.
The worm bites you.
* * * LOW HITPOINT WARNING * * *
You take 2 damage, and have 9/24 hp.
You hit the worm.
The worm is lightly wounded.
You hit the worm.
The worm is moderately wounded.
The worm bites you.
* * * LOW HITPOINT WARNING * * *
You take 3 damage, and have 6/24 hp.
You hit the worm.
The worm is moderately wounded.
The worm bites you!
You die... █...██.██.███ █████

█...........█ █....
█.)███..███.███.███ █..█
█..███.██..... ███..█
█............█ █..███
██.███.██..█.. █..█
█.███.██..███
...██..██████..÷..██.....
█......@w.█████████.....
........███.█


██████ ██......█ █.█ █.█████...w..█ █. █.██...█ ( █. █...█ .██...█ ██..█ ..█ You
could see a worm.

Vanquished Creatures
  A dart slug (D:1)
  A leopard gecko (D:1)
  2 giant cockroaches
  2 goblins (D:2)
  3 hobgoblins
  4 bats
  A frilled lizard (D:1)
  A kobold (D:1)
  5 rats
20 creatures vanquished.

Notes
Turn   | Place    | Note
-------+----------+-------------------------------------------
     0 | D:1      | Goblin1989 the Demonspawn Wanderer began the quest for the
                  | Orb.
     0 | D:1      | Goblin1989 set off with the following items: a +0 dagger, a
                  | potion of haste {@q3,}, a potion of curing {@q1}, a +0
                  | buckler, a ration, a +0 robe, a scroll of blinking
     0 | D:1      | Reached XP level 1. HP: 16/16 MP: 1/1
   624 | D:1      | Gained mutation: You are immune to rotting. [demonic
                  | ancestry]
   624 | D:1      | Reached XP level 2. HP: 6/23 MP: 2/2
  1493 | D:1      | Reached skill level 3 in Fighting
  1900 | D:2      | Slain by a worm

Skill      XL: |  1  2 |
---------------+-------+-----
Fighting       | 3 |  3.3
Staves         | |  1.7
Throwing       | |  1.0
Stealth        | |  1.7
Shields        | |  1.0
Unarmed Combat | |  1.7

Action                   || total
-------------------------++-------
Melee: Dagger            ||   108
 Stab: Sleeping          ||     3
  Eat: Chunk             ||     3
Armor: Robe              ||    27
Dodge: Dodged            ||    53
Block: Buckler           ||    23

Levels and vault maps discovered:
D:1:      dpeg_arrival_line_fractal, layout_basic, serial_forest,
          infiniplex_forest_end_3, infiniplex_forest_clump_medium,
          infiniplex_forest_straight_2, infiniplex_forest_end_2
D:2:      layout_loops_cross, chequers_ecumenical_altar_island,
          grunt_ministairs_3, kennysheep_generic_room_15
